 Dungeon Crawl Stone Soup version 0.27-a0-32-g443bf2d2ca (webtiles) character file.

Game seed: 4972488398987517581

1761 DocSulfur the Sneak (level 9, -4/45 HPs)
             Began as a Kobold Enchanter on Jan 4, 2021.
             Was an Initiate of Dithmenos.
             Killed from afar by a deep elf mage (49 damage)
             ... with a bolt of magma
             ... on level 7 of the Dungeon.
             The game lasted 00:27:48 (8047 turns).

DocSulfur the Sneak (Kobold Enchanter)              Turns: 8047, Time: 00:27:59

Health: -4/45      AC:  7    Str:  5    XL:     9   Next: 27%
Magic:  21/24      EV: 15    Int: 17    God:    Dithmenos [......]
Gold:   288        SH:  5    Dex: 18    Spells: 4/16 levels left

rFire    x . .     SeeInvis .   p - +2 dagger (venom)
rCold    + . .     Faith    .   (shield restricted)
rNeg     . . .     Spirit   .   y - +2 robe {Archmagi}
rPois    .         Reflect  +   (no helmet)
rElec    .         Harm     .   (no cloak)
rCorr    .         Rampage  .   (no gloves)
Will     +....                  d - +0 pair of boots
Stlth    +++++.....             v - amulet of reflection
HPRegen  0.00/turn              u - ring of magical power
MPRegen  0.19/turn              t - ring of ice

@: no status effects
A: small, slimy green scales 1, strong-willed 1, nightstalker 3, inhibited
regeneration
a: Renounce Religion


You were on level 7 of the Dungeon.
You worshipped Dithmenos.
Dithmenos was noncommittal.
You visited 2 branches of the dungeon, and saw 8 of its levels.

You collected 288 gold pieces.

Inventory:

Hand Weapons
 p - a +2 dagger of venom (weapon)
Armour
 b - a +0 robe
 d - a +0 pair of boots (worn)
 k - a +1 buckler
 y - a +2 robe of the Archmagi (worn)
 B - the +3 leather armour of the Shining Light {rPois Str+3}
   (You found it on level 4 of the Dungeon)

   It affects your strength (+3).
   It protects you from poison.
Jewellery
 s - an uncursed ring of see invisible
 t - a ring of ice (right hand)
 u - a ring of magical power (left hand)
 v - an amulet of reflection (around neck)
 z - an uncursed ring of ice
Scrolls
 c - a scroll of amnesia
 e - 2 scrolls of teleportation
 f - a scroll of blinking
 g - a scroll of remove curse
 h - a scroll of fear
 i - 2 scrolls of enchant armour
 l - 3 scrolls of immolation
 x - 2 scrolls of magic mapping
 C - a scroll of fog
 D - a scroll of identify
Potions
 a - 3 potions of might
 j - 4 potions of curing
 m - 5 potions of attraction
 n - 3 potions of heal wounds {unknown}
 o - a potion of lignification {unknown}
 q - a potion of brilliance {unknown}
 r - 3 potions of flight {unknown}
 w - a potion of invisibility
 A - a potion of magic {unknown}
 E - a potion of degeneration {unknown}


   Skills:
 + Level 7.5 Short Blades
 - Level 2.4 Dodging
 + Level 7.8 Stealth
 - Level 4.0 Spellcasting
 - Level 4.0 Conjurations
 - Level 6.0 Hexes
 - Level 4.0 Ice Magic


You had 4 spell levels left.
You knew the following spells:

 Your Spells              Type           Power        Failure   Level
a - Corona                Hex            38%          1%          1
b - Ensorcelled Hibernat  Hex/Ice        90%          3%          2
c - Confusing Touch       Hex            35%          4%          3
d - Tukima's Dance        Hex            35%          4%          3
e - Dazzling Flash        Conj/Hex       60%          6%          3

Your spell library contained the following spells:

 Spells                   Type           Power        Failure   Level


Dungeon Overview and Level Annotations

Branches:
Dungeon (7/15)             Temple (1/1) D:4

Altars:
Ashenzari
Cheibriados
Dithmenos
Elyvilon
Fedhas
Gozag
Hepliaklqana
Kikubaaqudgha
Nemelex Xobeh
Okawaru
Qazlal
Ru
Sif Muna
Trog
Uskayaw
Vehumet
Wu Jian
Xom
Yredelemnul
Zin
The Shining One


Innate Abilities, Weirdness & Mutations

You are small and have problems with some larger weapons.
You are completely attuned to the shadows.
You are partially covered in slimy green scales. (AC +2)
You are strong-willed. (Will+)
You do not regenerate when monsters are visible.


Message History

You catch the helpless orc priest completely off-guard!
You impale the orc priest!!
You kill the orc priest!
Dithmenos accepts your kill.
Found a whip.
You see here a whip.
Found a mace.
Found a granite statue.
You now have 288 gold pieces (gained 21).
r - 3 dark potions (gained 1) As you open the gate, it creaks loudly!
A deep elf mage comes into view. It is wielding a -1 dagger.
Found a scroll of identify, a metallic orange potion and a mace.
Casting: Dazzling Flash (dangerous; 6% risk of failure)
Confirm with . or Enter, or press ? or * to list all spells.
You feel a surge of power!
The deep elf mage is dazzled.
The deep elf mage points at you and mumbles some strange words.
The bolt of magma hits you!!! The lava burns you terribly!
Ouch! That really hurt!
You die...

####..# #.##
#.##...
#.###########
#....8###
#............
........
...#.###########
###...... )..#.#
.......... ?e!#.#
#.....8######'''#.#
............@...#.#
.......)........#.#
......###########.#
.#+##.............#
##########.#..# ##
#...## # #.. #.###
##.#.#### #.#
...#.##.######)#


You could see a deep elf mage (blind).

Vanquished Creatures
  Sigmund (D:6)
  A dancing weapon (D:4)
  The ghost of Conn the Firebug, an amateur OpFE (D:3)
  Duvessa (D:4)
  3 ice beasts
  A sky beast (D:4)
  2 ogres
  A big kobold (D:5)
  A bullfrog (D:7)
  2 scorpions
  Dowan (D:4)
  A howler monkey (D:5)
  2 jellies
  A hound (D:4)
  3 orc priests
  4 orc wizards
  3 worker ants
  A worker ant zombie (D:5)
  8 adders
  3 ufetubi
  An ooze (D:4)
  An adder skeleton (D:7)
  2 worms (D:3)
  2 dart slugs
  5 leopard geckos
  13 orcs
  6 bats
  5 giant cockroaches
  10 goblins
  9 hobgoblins
  4 quokkas
  4 ball pythons
  3 frilled lizards
  A jackal skeleton (D:4)
  13 kobolds
  A leopard gecko zombie (D:3)
  A quokka skeleton (D:4)
  6 rats
128 creatures vanquished.

Notes
Turn   | Place    | Note
-------+----------+-------------------------------------------
     0 | D:1      | DocSulfur the Kobold Enchanter began the quest for the Orb.
     0 | D:1      | Reached XP level 1. HP: 10/10 MP: 3/3
    77 | D:1      | Reached XP level 2. HP: 15/15 MP: 5/5
    84 | D:1      | Learned a level 2 spell: Ensorcelled Hibernation
   398 | D:1      | Reached XP level 3. HP: 19/19 MP: 6/6
   551 | D:1      | Learned a level 3 spell: Confusing Touch
  1146 | D:2      | Reached skill level 1 in Ice Magic
  1689 | D:2      | Reached XP level 4. HP: 24/24 MP: 7/7
  1939 | D:3      | Found a runed translucent gate.
  1945 | D:3      | Found a runed translucent gate.
  1946 | D:3      | Found a runed translucent gate.
  2270 | D:3      | Reached XP level 5. HP: 28/28 MP: 7/9
  2575 | D:3      | Noticed an ice beast
  2588 | D:3      | Killed an ice beast
  2589 | D:3      | Reached XP level 6. HP: 15/32 MP: 6/10
  3678 | D:3      | Noticed Conn's ghost (amateur OpFE)
  4106 | D:3      | Learned a level 3 spell: Tukima's Dance
  4145 | D:4      | Reached skill level 5 in Short Blades
  4238 | D:4      | Noticed a sky beast
  4243 | D:4      | Killed a sky beast
  4244 | D:4      | Reached XP level 7. HP: 36/36 MP: 9/12
  4403 | D:4      | Reached skill level 5 in Hexes
  4509 | D:4      | Found a blossoming altar of Fedhas.
  4627 | D:4      | Found a staircase to the Ecumenical Temple.
  4637 | Temple   | Entered the Ecumenical Temple
  4918 | Temple   | Became a worshipper of Dithmenos the Shadowed
  5004 | D:4      | Noticed Duvessa
  5015 | D:4      | Noticed Dowan
  5372 | D:4      | Killed Dowan
  5402 | D:4      | Got a shimmering leather armour
  5412 | D:4      | Identified the +3 leather armour of the Shining Light
                  | {rPois Str+3} (You found it on level 4 of the Dungeon)
  5561 | D:4      | Killed Duvessa
  5562 | D:4      | Reached XP level 8. HP: 27/41 MP: 7/14
  5720 | D:3      | Killed Conn's ghost
  5725 | D:3      | Learned a level 3 spell: Dazzling Flash
  5815 | D:5      | Entered Level 5 of the Dungeon
  5827 | D:5      | Reached skill level 1 in Conjurations
  6002 | D:5      | Reached skill level 5 in Stealth
  6704 | D:5      | Gained mutation: You have large cloven feet. [potion of
                  | mutation]
  6704 | D:5      | Gained mutation: You are frail. (-10% HP) [potion of
                  | mutation]
  6704 | D:5      | Gained mutation: You are partially covered in slimy green
                  | scales. (AC +2) [potion of mutation]
  6708 | D:5      | Lost mutation: You are frail. (-10% HP) [potion of
                  | mutation]
  6708 | D:5      | Lost mutation: You have large cloven feet. [potion of
                  | mutation]
  6708 | D:5      | Gained mutation: You do not regenerate when monsters are
                  | visible. [potion of mutation]
  6708 | D:5      | Gained mutation: You are strong-willed. (Will+) [potion of
                  | mutation]
  7293 | D:6      | Noticed Sigmund
  7302 | D:6      | Killed Sigmund
  7637 | D:7      | Reached XP level 9. HP: 45/45 MP: 15/15
  8046 | D:7      | Noticed a deep elf mage
  8047 | D:7      | Killed from afar by a deep elf mage

Illustrated notes

Levels and vault maps discovered:
D:1:      ebering_trefoil_twist, layout_rooms, serial_curves, eino_curves_01,
          eino_curves_02, eino_curves_02, amcnicky_mini_rare_corridor_liquid
D:2:      layout_rooms
D:3:      layout_rooms, gammafunk_ghost_split, st_stairs_2
D:4:      layout_gridville, minmay_temple_entry_statues_pillars, fedhas_altar_1,
          uniq_duvessa
D:5:      layout_loops_ring, chequers_jeans
D:6:      layout_gridville, minmay_misc_feat_plants, uniq_sigmund
D:7:      layout_basic, bloody_makhleb, guppyfry_early_elven_hall
Temple:   nicolae_temple_the_god_donut

Skill      XL: |  1  2  3  4  5  6  7  8  9 |
---------------+----------------------------+-----
Short Blades   | 2 3 4 5 6 7 |  7.5
Ice Magic      | 1 2 3 4 |  4.0
Spellcasting   | 3 4 |  4.0
Hexes          | 4 5 6 |  6.0
Conjurations   | 4 |  4.0
Stealth        | 6 7 |  7.8
Dodging        | |  2.4

Action                   |  1- 3 |  4- 6 |  7- 9 || total
-------------------------+-------+-------+-------++-------
Melee: Dagger            |    81 |    81 |   160 ||   322
 Cast: Corona            |     8 |     1 |       ||     9
       Ensorcelled Hiber |     6 |    18 |       ||    24
       Confusing Touch   |     1 |     6 |    20 ||    27
       Tukima's Dance    |       |       |     5 ||     5
       Dazzling Flash    |       |       |     4 ||     4
  Use: Scroll            |       |     5 |    11 ||    16
       Potion            |       |     2 |     2 ||     4
 Stab: Sleeping          |    19 |    30 |    19 ||    68
       Confused          |     1 |     5 |    13 ||    19
       Distracted        |       |     1 |       ||     1
       Invisible         |       |       |     4 ||     4
Armor: Robe              |     8 |     9 |     5 ||    22
       Leather armour    |       |       |    23 ||    23
Dodge: Dodged            |    69 |    43 |    70 ||   182
Block: Other             |       |       |     7 ||     7

Table legend: (Time is in decaauts)
 A = Elapsed time spent in this place.
 B = Non-inter-level travel time spent in this place.
 C = Inter-level travel time spent in this place.
 D = Time resting spent in this place.
 E = Time spent auto-exploring this place.
 F = Levels seen in this place.
 G = Mean time per level.
                   A        B        C        D        E       F      G
               +--------+--------+--------+--------+--------+-----+--------+
         Total |   7969 |   7743 |    226 |   1064 |   4935 |   8 |  996.1 |
       Dungeon |   7675 |   7485 |    190 |   1064 |   4684 |   7 | 1096.4 |
        Temple |    294 |    258 |     36 |      0 |    251 |   1 |  294.0 |
               +--------+--------+--------+--------+--------+-----+--------+

Top non-repeatable levels by time:
     D:3: 2379 daAuts
     D:4: 1290 daAuts
     D:1: 1080 daAuts
     D:5: 958 daAuts
     D:6: 832 daAuts
     D:2: 732 daAuts
     D:7: 401 daAuts
  Temple: 294 daAuts
